Map: Lost and Found LE

Players

PtitDrogo

  • Race: Protoss Protoss
  • League: Master
  • Spawn Location: 7:00

Bly - Winner!

  • Race: Zerg Zerg
  • League: Master
  • Spawn Location: 1:00

Event: HomeStory Cup XVIII

VOD

Have the link to the VOD?

Description

Time

  • Played on: Nov. 24, 2018, 7:15 a.m.
  • Length: 15:15

All games in this series

Show
View Real Time Build Order
Export as new Build Order

PtitDrogo Protoss 

Build Orders: Zealot Archon 

Get SALT Encoding   

  12  0:01  Probe  
  13  0:13  Probe  
  14  0:19  Pylon  
  14  0:25  Probe  
  15  0:33  Probe  
  15  0:42  Probe  
  16  0:43  Gateway  
  16  0:48  Assimilator  
  17  0:52  Probe  
  19  1:04  Probe  
  19  1:16  Probe  
  20  1:28  Probe  
  21  1:40  Probe  
  21  1:45  Nexus  
  22  1:58  Cybernetics Core  
  22  2:05  Pylon  
  22  2:10  Probe  
  23  2:21  Probe  
  23  2:27  Adept  
  23  2:29  Probe  
  24  2:36  Warp Gate  
  27  2:39  Probe  
  27  2:42  Assimilator  
  28  2:46  Assimilator  
  28  2:51  Probe  
  29  2:52  Stalker  
  29  2:53  Probe  
  32  3:02  Probe  
  32  3:03  Probe  
  33  3:12  Probe  
  34  3:15  Probe  
  34  3:16  Robotics Facility  
  36  3:24  Probe  
  36  3:29  Probe  
  35  3:35  Adept  
  35  3:36  Probe  
  35  3:37  Probe  
  35  3:40  Gateway  
  39  3:45  Probe  
  39  3:48  Probe  
  40  3:50  Twilight Council  
  41  3:56  Probe, Pylon  
  41  3:59  Observer  
  41  4:00  Probe  
  43  4:04  Adept  
  46  4:14  Probe x2  
  48  4:18  Gateway  
  48  4:20  Gateway  
  48  4:26  Probe  
  48  4:27  Pylon  
  48  4:28  Templar Archives  
  48  4:29  Charge  
  49  4:34  Probe  
  49  4:38  Zealot  
  52  4:39  Zealot  
  52  4:45  Probe  
  55  4:46  Probe  
  55  4:50  Assimilator  
  56  4:59  Probe x2  
  57  5:09  Nexus  
  57  5:10  Pylon  
  57  5:11  Probe x2  
  59  5:14  Pylon  
  59  5:23  Probe x2  
  60  5:29  Zealot x4  
  60  5:35  Probe  
  67  5:38  Shield Battery  
  67  5:39  Immortal  
  61  5:46  Probe  
  61  5:47  Probe  
  67  5:50  Sentry x3  
  67  5:51  Sentry  
  67  5:55  Forge  
  67  5:56  Probe  
  67  5:57  Probe  
  77  6:04  Probe  
  77  6:05  Protoss Ground Weapons Level 1  
  77  6:09  Gateway  
  77  6:10  Gateway, Immortal  
  78  6:16  Pylon  
  78  6:19  Probe x2  
  78  6:22  Probe  
  78  6:24  High Templar x2  
  89  6:31  Archon  
  89  6:36  Gateway  
  89  6:37  Gateway  
  89  6:39  Probe x2, Photon Cannon  
  91  6:41  Warp Prism  
  91  6:49  Probe  
  91  6:51  Probe, Pylon  
  91  6:53  High Templar x2  
  99  6:56  Zealot  
  99  6:57  Archon  
  101  7:10  Probe x2  
  101  7:12  Assimilator  
  101  7:13  Assimilator, Pylon  
  101  7:14  Pylon  
  103  7:18  Zealot x3  
  108  7:22  Probe  
  108  7:24  Probe  
  108  7:28  Probe  
  108  7:31  Zealot x5  
  108  7:34  Probe  
  111  7:43  Probe  
  109  7:45  Zealot x2  
  109  7:46  Zealot  
  109  7:49  Protoss Ground Weapons Level 2  
  113  7:51  High Templar x2  
  113  7:52  Zealot, High Templar x2  
  113  7:54  Pylon  
  123  7:59  Archon x2  
  123  8:03  Pylon  
  123  8:07  Probe x2  
  125  8:13  Pylon  
  125  8:15  Zealot x4  
  131  8:24  Zealot x2, High Templar x2  
  135  8:28  Archon  
  126  8:36  Zealot  
  126  8:37  Zealot x3  
  114  8:55  High Templar  
  114  8:56  High Templar  
  114  8:59  Archon  
  114  9:00  Zealot x5  
  114  9:01  Zealot  
  104  9:22  Zealot x5  
  104  9:23  Zealot  
  102  9:28  Zealot x2  
  94  9:46  Zealot x6, Immortal  
  94  9:50  Protoss Ground Weapons Level 3  
  104  10:08  Nexus  
  104  10:11  Dark Shrine, Pylon  
  104  10:14  Zealot x2  
  104  10:15  Zealot x6  
  119  10:22  Psionic Storm  
  119  10:26  Immortal  
  123  10:33  Probe  
  118  10:38  Nexus  
  118  10:39  Probe  
  118  10:41  Pylon  
  117  10:44  High Templar  
  117  10:45  High Templar x5  
  117  10:46  High Templar  
  117  10:49  Archon  
  131  10:56  Probe  
  132  10:58  Immortal  
  132  11:04  Pylon  
  132  11:06  Probe  
  137  11:14  High Templar  
  138  11:20  Probe  
  138  11:23  Photon Cannon  
  138  11:25  Photon Cannon x2  
  129  11:27  Dark Templar x2  
  129  11:30  Dark Templar  
  129  11:32  Zealot x4  
  136  11:39  Photon Cannon x2  
  136  11:50  Stalker x4  
  136  11:51  Stalker  
  132  12:01  Stalker x2  
  132  12:06  Stalker  
  132  12:14  Stalker  
  132  12:15  Stalker  
  130  12:26  Assimilator x2  
  130  12:29  High Templar x2  
  134  12:33  Blink  
  134  12:38  Archon  
  134  12:45  Probe  
  134  12:50  Photon Cannon  
  135  12:57  Stalker x4  
  135  12:58  Stalker  
  140  13:03  Stalker  
  131  13:12  Stalker x2  
  112  13:23  Stalker x2  
  112  13:24  Probe  
  117  13:28  Probe  
  117  13:31  Probe  
  118  13:34  Probe  
  118  13:35  Probe  
  118  13:36  Probe  
  122  13:43  High Templar  
  122  13:45  Probe  
  122  13:47  High Templar  
  126  13:51  Archon  
  126  13:55  Stalker  
  118  14:07  Stalker  
  96  14:24  High Templar  
  96  14:25  Zealot x3  
  96  14:29  Probe x2  
  102  14:32  Probe  
  102  14:34  Probe  
  102  14:36  Zealot  
  105  14:41  Probe x2  
  107  14:46  Zealot, High Templar  
  103  15:05  Stalker x3  
Show
View Real Time Build Order
Export as new Build Order

Bly Zerg - Winner!

Build Orders: 3 Hatch before Pool, Swarm Host 

Get SALT Encoding   

  12  0:01  Drone  
  13  0:12  Overlord  
  13  0:18  Drone  
  14  0:30  Drone x2  
  16  0:49  Hatchery  
  15  0:54  Drone  
  16  1:15  Hatchery  
  16  1:18  Drone  
  16  1:21  Drone  
  16  1:25  Drone  
  18  1:32  Evolution Chamber  
  18  1:35  Extractor  
  18  1:37  Spawning Pool  
  18  1:38  Drone  
  18  1:56  Extractor  
  18  1:57  Hatchery  
  18  2:00  Drone x2  
  18  2:03  Drone  
  18  2:06  Drone  
  20  2:11  Drone  
  21  2:16  Extractor  
  21  2:18  Drone  
  22  2:24  Queen  
  22  2:28  Zergling x2  
  25  2:35  Queen  
  28  2:37  Extractor  
  28  2:41  Overlord  
  27  2:49  Overlord  
  27  2:51  Zergling x2  
  28  2:58  Metabolic Boost  
  28  3:00  Drone x2  
  28  3:02  Zergling x2  
  28  3:05  Zergling x2  
  32  3:12  Queen  
  34  3:17  Overlord  
  34  3:30  Drone x4  
  34  3:32  Overlord  
  36  3:35  Overlord  
  36  3:38  Drone  
  37  3:43  Overlord  
  37  3:51  Drone x4  
  37  3:53  Drone  
  37  3:55  Drone  
  43  4:04  Drone x5  
  43  4:07  Drone  
  49  4:10  Drone x2  
  49  4:16  Lair  
  51  4:19  Drone x2  
  51  4:20  Drone  
  54  4:26  Overlord  
  54  4:27  Overlord  
  54  4:30  Drone x2  
  56  4:33  Extractor  
  56  4:34  Extractor  
  56  4:36  Roach Warren  
  56  4:38  Spore Crawler  
  52  4:39  Drone x2  
  52  4:45  Zergling x8  
  58  4:52  Zergling x10  
  63  4:58  Zergling x2  
  63  4:59  Zergling x8  
  66  5:06  Drone  
  66  5:07  Drone  
  67  5:08  Overlord  
  67  5:11  Drone x2  
  70  5:14  Drone x3  
  70  5:15  Glial Reconstitution  
  70  5:19  Overlord  
  72  5:22  Drone  
  72  5:23  Drone  
  70  5:36  Roach x3  
  69  5:45  Roach x6  
  69  5:47  Roach  
  82  5:50  Hatchery  
  81  6:00  Drone x5  
  86  6:04  Extractor  
  86  6:05  Overlord  
  85  6:15  Roach x3  
  91  6:22  Overlord  
  91  6:25  Extractor  
  90  6:33  Drone x10  
  90  6:37  Extractor  
  90  6:39  Spire  
  98  6:41  Overseer  
  98  6:47  Overlord  
  98  6:53  Overlord  
  98  6:57  Overlord  
  98  6:58  Infestation Pit  
  98  6:59  Overlord  
  97  7:01  Roach x6  
  97  7:02  Overlord, Roach x2  
  97  7:06  Overlord  
  113  7:09  Overlord  
  113  7:26  Roach  
  113  7:27  Roach x11  
  113  7:29  Overlord  
  119  7:48  Swarm Host x8  
  141  8:04  Roach x8  
  157  8:10  Roach  
  157  8:11  Roach  
  157  8:12  Ravager x2  
  163  8:24  Roach x6  
  163  8:31  Roach x4  
  157  8:38  Roach x2  
  141  8:43  Roach  
  141  8:44  Roach x8  
  141  8:48  Roach  
  149  8:58  Roach x3  
  151  9:05  Roach x3  
  149  9:12  Roach  
  139  9:17  Roach x2  
  139  9:21  Roach  
  139  9:22  Roach x8  
  138  9:36  Roach x4  
  142  9:42  Roach x2  
  142  9:45  Hatchery  
  141  9:48  Roach  
  139  9:55  Roach  
  139  9:56  Roach  
  139  9:59  Queen x2  
  143  10:07  Overseer  
  143  10:11  Roach x5  
  149  10:38  Drone x2  
  149  10:40  Mutalisk x6  
  163  10:44  Queen x2  
  167  10:54  Overseer  
  167  10:58  Mutalisk x4  
  167  11:01  Hatchery  
  167  11:02  Overlord x2  
  174  11:15  Mutalisk  
  176  11:31  Mutalisk x6  
  188  11:37  Drone x4  
  188  11:39  Overlord  
  192  11:47  Extractor  
  191  11:49  Ravager  
  191  11:53  Hatchery  
  186  12:04  Mutalisk x5  
  185  12:09  Spore Crawler  
  185  12:13  Zergling x18  
  184  12:23  Drone  
  184  12:24  Drone x2  
  184  12:25  Spine Crawler  
  186  12:30  Drone x8  
  194  12:38  Spore Crawler  
  194  12:39  Spore Crawler  
  194  12:42  Mutalisk x4  
  196  13:05  Mutalisk x5  
  193  13:26  Drone x3  
  194  13:27  Spore Crawler  
  194  13:28  Spine Crawler x2  
  191  13:37  Hatchery  
  191  13:38  Drone x4  
  194  13:42  Ravager x6  
  194  13:43  Overlord  
  200  13:53  Overlord  
  198  14:05  Mutalisk x4  
  193  14:21  Mutalisk  
  193  14:22  Mutalisk x2  
  185  14:33  Mutalisk x2  
  189  14:39  Drone x3  
  189  14:41  Drone x2  
  189  14:43  Extractor x2  
  192  14:47  Roach x4  
Tags
 
Add a new tag
Caveats
  • Supply blocks, unpowered buildings, or Contaminate may cause inaccurate times.
  • Supply counts are checked every 10 seconds.